AoeStats
← PepePompinn4300

Arabia

506385838Analyzed
4v4 RM · 18d ago on Sep 13, 2026· 30m 35s· 8 players
Game mode
Random Map
Map size
Large (8 player)
Population
200
Speed
Normal
Resources
Standard
Victory
Conquest
Starting age
Dark Age
Ending age
Imperial Age
RankedLock teamsTeams togetherTeam positionsShared explorationLock speedFull tech treeHidden civsTurbo modeCheats
Victory
Defeat
🇭🇰 Burgundians · Hong Kong SAR China
1730
+11
🇩🇪 Dravidians · Germany
1654
+14
🇨🇳 Chinese · China
1643
+15
🇨🇳 Bohemians · China
1533
+20
🇳🇱 Wei · Netherlands
1676
-17
🇧🇷 Aztecs · Brazil
1607
-15
🇦🇷 Slavs · Argentina
1596
-14
🇵🇱 Italians · Poland
1592
-14
lazypig
0:25 Loom
9:05 Feudal Age
9:37 Double-Bit Axe
9:56 Horse Collar
14:59 Forging
15:21 Scale Barding Armor
15:44 Gold Mining
16:32 Bloodlines
21:42 Castle Age
20:19 Forging
22:40 Wheelbarrow
22:36 Bow Saw
22:26 Heavy Plow
23:02 Gold Shaft Mining
22:08 Light Cavalry
23:51 Chain Barding Armor
28:21 Husbandry
28:34 Stone Mining
30:20 Iron Casting
Hommi
6:14 Loom
8:40 Feudal Age
14:53 Fletching
23:18 Castle Age
24:10 Bodkin Arrow
25:23 Gold Mining
T
3:36 Double-Bit Axe
9:55 Feudal Age
10:10 Horse Collar
10:51 Bow Saw
13:26 Loom
17:55 Wheelbarrow
21:07 Gold Mining
23:27 Castle Age
21:32 Heavy Plow
22:24 Scale Barding Armor
22:29 Forging
23:33 Cavalier
24:13 Husbandry
25:14 Chain Barding Armor
28:16 Stone Mining
30:23 Iron Casting
第一滴血
6:54 Loom
9:21 Feudal Age
10:01 Double-Bit Axe
14:19 Horse Collar
16:02 Fletching
19:00 Wheelbarrow
23:51 Castle Age
22:30 Padded Archer Armor
24:30 Bodkin Arrow
23:56 Crossbowman
24:57 Bow Saw
24:48 Heavy Plow
25:06 Hand Cart
25:48 Ballistics
26:51 Chemistry
28:09 Leather Archer Armor
iThink
7:00 Loom
10:33 Feudal Age
11:16 Double-Bit Axe
11:12 Horse Collar
20:36 Scale Barding Armor
21:10 Gold Mining
22:02 Bloodlines
24:42 Castle Age
23:36 Forging
24:46 Light Cavalry
25:49 Chain Barding Armor
PepePompinn4300
7:08 Loom
9:14 Feudal Age
10:41 Double-Bit Axe
10:37 Horse Collar
17:33 Scale Barding Armor
21:48 Forging
21:56 Bloodlines
25:05 Castle Age
23:34 Gold Mining
26:21 Chain Barding Armor
26:12 Bow Saw
26:03 Heavy Plow
ForeveR
6:25 Loom
9:07 Feudal Age
10:02 Double-Bit Axe
13:26 Horse Collar
13:49 Fletching
20:57 Wheelbarrow
23:46 Castle Age
22:16 Padded Archer Armor
22:47 Gold Mining
23:52 Crossbowman
24:28 Bodkin Arrow
25:48 Ballistics
25:36 Thumb Ring
26:34 Leather Archer Armor
29:33 Bow Saw
Shadow_BR
7:35 Loom
9:41 Feudal Age
10:22 Double-Bit Axe
12:33 Fletching
21:20 Wheelbarrow
20:59 Padded Archer Armor
24:40 Castle Age
22:35 Horse Collar
25:36 Bodkin Arrow
25:02 Crossbowman
27:50 Bow Saw
27:41 Heavy Plow
28:52 Gold Mining
30:16 Leather Archer Armor
Connection lost

Rejoining the realm…

Still unreachable

The connection could not be restored.

Session expired

The server has moved on; the page needs a fresh start.